 Dungeon Crawl Stone Soup version 0.19-a0-1899-g2d93087 (webtiles) character file.

55 Naow the Chucker (level 3, 0/37 HPs)
             Began as an Ogre Hunter on Oct 20, 2016.
             Slain by an adder (2 damage)
             ... on level 2 of the Dungeon.
             The game lasted 00:02:33 (1194 turns).

Naow the Chucker (Ogre Hunter)                      Turns: 1194, Time: 00:02:33

Health: 0/37       AC:  3    Str: 18    XL:     3   Next: 93%
Magic:  3/3        EV: 10    Int: 10    God:
Gold:   75         SH:  0    Dex: 10    Spells: 0 memorised, 2 levels left

rFire  . . .     SeeInvis .     e - +0 whip
rCold  . . .     Gourm    .     b - +0 robe
rNeg   . . .     Faith    .     (no shield)
rPois  .         Spirit   .     (helmet restricted)
rElec  .         Reflect  .     (no cloak)
rCorr  .         Harm     .     (gloves unavailable)
MR     .....                    (boots unavailable)
Stlth  +.........               i - amulet of regeneration
                                (no ring)
                                (no ring)

@: lethally poisoned (0 -> 0), flying
A: unfitting armour, tough skin 1
a: no special abilities


You were on level 2 of the Dungeon.
You were not hungry.

You visited 1 branch of the dungeon, and saw 2 of its levels.

You collected 75 gold pieces.

Inventory:

Hand Weapons
 a - a +0 short sword
 e - a +0 whip (weapon)
Missiles
 c - 5 large rocks (quivered)
 d - 2 throwing nets
Armour
 b - a +0 robe (worn)
Jewellery
 i - an amulet of regeneration (around neck)
Scrolls
 h - a scroll of blinking {unknown}
 k - a scroll of random uselessness {unknown}
 n - 3 scrolls of identify {unknown}
 o - 2 scrolls of fog {unknown}
 p - a scroll of teleportation {unknown}
 r - 2 scrolls of remove curse {unknown}
 s - 2 scrolls of amnesia {unknown}
Potions
 m - a potion of flight
Comestibles
 f - 3 bread rations
 g - a chunk of flesh
 j - a beef jerky
 l - 2 meat rations


   Skills:
 + Level 3.3 Fighting
 * Level 2.2 Maces & Flails
 + Level 4.2 Throwing
 + Level 2.5 Dodging
 - Level 0.6 Stealth


You had 2 spell levels left.
You didn't know any spells.

Dungeon Overview and Level Annotations

Branches:
Dungeon (2/15)

Altars:
Cheibriados
Gozag
Nemelex Xobeh
Okawaru


Innate Abilities, Weirdness & Mutations

You are too large for most types of armour.
You have tough skin. (AC +1)


Message History

* * * LOW HITPOINT WARNING * * *
You are more poisoned.
The adder poisons you!
The frilled lizard bites you but does no damage.
* * * LOW HITPOINT WARNING * * *
You feel sick.
You feel sick. The adder bites you but does no damage.
You feel sick.
You feel sick.
The frilled lizard bites you but does no damage.
You feel sick. The adder bites you but does no damage.
You feel sick.
You feel sick.
You feel sick. The adder barely misses you.
You feel sick.
You feel sick. The adder barely misses you.
You feel sick. The adder bites you.
You die...

#. ############..
######.............
#..................
#.#..#..#..#..#..#
##...#..#..#..#..#
#...#..#..#..#...#
#########..#..#..#..#..#.#
#..........@.#..#..#..#..#
#.........S#............##
#..........######....#..#
#####.##l########......#####
#.##...l................
#.###########....####### #.#
###...)###.... #.#
###..........##. #.#
##...#....#......


You could see an adder and a frilled lizard.

Vanquished Creatures
  2 adders (D:2)
  A dart slug (D:1)
  4 giant cockroaches
  4 goblins
  4 hobgoblins
  7 bats
  6 kobolds
  6 rats
34 creatures vanquished.

Notes
Turn   | Place    | Note
-------+----------+-------------------------------------------
     0 | D:1      | Naow the Ogre Hunter began the quest for the Orb.
     0 | D:1      | Reached XP level 1. HP: 22/22 MP: 1/1
     3 | D:1      | Noticed an electric eel
     3 | D:1      | Noticed an electric eel
   178 | D:1      | Found a snail-covered altar of Cheibriados.
   216 | D:1      | Reached skill level 1 in Maces & Flails
   255 | D:1      | Reached XP level 2. HP: 29/29 MP: 2/2
   629 | D:1      | Reached XP level 3. HP: 36/37 MP: 3/3
   751 | D:2      | Found an opulent altar of Gozag.
   752 | D:2      | Found a sparkling altar of Nemelex Xobeh.
  1079 | D:2      | Found an iron altar of Okawaru.
  1188 | D:2      | HP: 1/37 [poisoned by an adder]
  1194 | D:2      | Slain by an adder

Vault maps used:
D:1:      arrival_aquarium_b, cheibriados_altar_1
D:2:      marbit_many_paths, grunt_temple_overflow_opulence, first_bread,
          minmay_stone_trees_small, minmay_misc_feat_diagonals

Skill      XL: |  1  2  3 |
---------------+----------+-----
Dodging        | 2 |  2.5
Maces & Flails | 1 2 |  2.2
Fighting       | 3 |  3.3
Throwing       | |  4.2
Stealth        | |  0.6

Action                   || total
-------------------------++-------
Melee: Whip              ||   146
       Short sword       ||     3
  Use: Potion            ||     2
 Stab: Sleeping          ||     1
  Eat: Chunk             ||     1
Armor: Robe              ||    63
Dodge: Dodged            ||   134
